 Dungeon Crawl Stone Soup version 0.31-a0-222-gefeffbb62a (webtiles) character file.

Game seed: 1018594290123890374

92 qw the Chopper (level 4, 0/28 HPs)
             Began as a Gargoyle Fighter on July 4, 2023.
             Slain by Pikel
             ... wielding a +0 whip of flaming
              (5 damage)
             ... on level 4 of the Dungeon.
             The game lasted 00:01:03 (2843 turns).

qw the Chopper (Gargoyle Fighter)                   Turns: 2843, Time: 00:01:03

Health: 0/28       AC: 15    Str: 22    XL:     4   Next: 60%
Magic:  4/4        EV:  6    Int:  8    God:
Gold:   109        SH:  4    Dex:  9    Spells: 3/3 levels left

rFire   . . .        Y - +3 war axe (elec)
rCold   . . .        c - +0 buckler
rNeg    + . .        e - +0 plate armour
rPois   inf          (no helmet)
rElec   +            (no cloak)
rCorr   .            (no gloves)
SInv    .            (no boots)
Will    .....        n - amulet of the acrobat Stlth
                     (no ring)
HPRegen 0.24/turn    (no ring)
MPRegen 0.09/turn

%: acrobat
@: about to teleport
A: sickness immunity, AC +3, negative energy resistance 1, electricity
resistance, torment resistance 1, petrification resistance
a: no special abilities


You were on level 4 of the Dungeon.
You visited 1 branch of the dungeon, and saw 4 of its levels.

You collected 109 gold pieces.


Innate Abilities, Weirdness & Mutations

You are immune to sickness and miasma.
Your stone body is resilient. (AC +3)
You are immune to poison.
You resist negative energy. (rN+)
You are resistant to electric shocks. (rElec)
You are resistant to unholy torment.
You are immune to petrification.


   Skills:
 - Level 3.2 Fighting
 + Level 4.2 Axes
 - Level 3.2 Armour
 - Level 3.2 Shields


You had 3 spell levels left.
You didn't know any spells.
Your spell library was empty.

Inventory:

Hand Weapons
 k - a +0 club
 Y - a +3 war axe of electrocution (weapon)
Armour
 c - a +0 buckler (worn)
 e - a +0 plate armour (worn)
Jewellery
 n - an amulet of the acrobat (around neck)
Wands
 o - a wand of digging (5)
Scrolls
 g - a scroll of identify
 j - 3 scrolls of teleportation
 l - a scroll of enchant armour {unknown}
Potions
 a - a potion of curing
 b - a potion of resistance
 d - 2 potions of might
 f - a potion of attraction {unknown}
 h - a potion of heal wounds {unknown}
 i - a potion of haste {unknown}
 m - a potion of invisibility {unknown}

Dungeon Overview and Level Annotations

Branches:
Dungeon (4/15)
 Temple: D:4-7

Altars:
Ashenzari

Annotations:
D:4 Pikel


Message History

2832 ||| Stepping ~*~*~tactically~*~*~ (stealth).
2833 ||| Stepping ~*~*~tactically~*~*~ (stealth).
The lemure shouts!
A lemure comes into view.
You slash Pikel!
Pikel is moderately wounded.
Pikel hits you with a +0 whip of flaming.
Pikel burns you. Pikel waves his whip at you. Pikel barely misses you.
You closely miss Pikel.
Pikel is moderately wounded.
Pikel barely misses you.
You closely miss Pikel.
Pikel is moderately wounded.
Pikel hits you with a +0 whip of flaming.
Pikel burns you.
You barely miss Pikel.
Pikel is moderately wounded.
Pikel hits you but does no damage.
You slash Pikel! Lightning courses through Pikel!!
Pikel is almost dead.
You block Pikel's attack. Pikel barely misses you.
You completely miss Pikel.
Pikel is almost dead.
Pikel hits you with a +0 whip of flaming.
Pikel burns you.
You closely miss Pikel.
Pikel is almost dead.
Pikel hits you but does no damage.
You hit Pikel.
Pikel is almost dead.
Pikel closely misses you.
Pikel hits you with a +0 whip of flaming!
Pikel burns you.
2843 ||| READING 4 scrolls of teleportation.
As you read the scroll of teleportation, it crumbles to dust.
You feel strangely unstable.
Pikel hits you with a +0 whip of flaming.
You die...

###...##.....####
#...###.##.##
#...# ####..#
#..## ##.## #..#
##.## ..##
#####..# ..#
##..###.## ..#
##........#
#.......#@####
#........#K55#
##....#####5......
###### #######


You could see Pikel and 3 lemures.

Vanquished Creatures
  A lemure (D:4)
  Jessica (D:3)
  An adder (D:3)
  2 dart slugs (D:3)
  An orc (D:2)
  5 ball pythons
  2 endoplasms (D:2)
  4 giant cockroaches
  6 goblins
  2 hobgoblins
  2 jackals (D:1)
  2 quokkas
  11 bats
  3 frilled lizards
  3 kobolds (D:2)
  4 rats (D:1)
50 creatures vanquished.

Notes
Turn   | Place    | Note
-------+----------+-------------------------------------------
     0 | D:1      | qw the Gargoyle Fighter began the quest for the Orb.
     0 | D:1      | Reached XP level 1. HP: 14/14 MP: 1/1
     0 | D:1      | 0 ||| qw: Version: 0.3-a-46-gb1f654a
     0 | D:1      | 0 ||| qw: Game counter: 874
     0 | D:1      | 0 ||| qw: Melee chars always use a shield: true
     0 | D:1      | 0 ||| qw: God list: Okawaru
     0 | D:1      | 0 ||| qw: Allow faded altars: false
     0 | D:1      | 0 ||| qw: Do Orc after clearing Dungeon:15 true
     0 | D:1      | 0 ||| qw: Do second Lair branch before Depths: true
     0 | D:1      | 0 ||| qw: Lair rune preference: random
     0 | D:1      | 0 ||| qw: Goals: Normal, Zot:1-4, Slime:5, God:TSO, Crypt,
                  | Tomb, Abyss, Pan, Hells, Win
     0 | D:1      | 0 ||| PLANNING D:1-11
    57 | D:1      | Reached skill level 2 in Axes
    95 | D:1      | 95 ||| Stepping ~*~*~tactically~*~*~ (stealth).
   263 | D:1      | Reached XP level 2. HP: 18/19 MP: 2/2
   889 | D:1      | 889 ||| UPGRADING to +0 chain mail.
   899 | D:1      | 899 ||| DROPPING +0 scale mail.
   900 | D:1      | 900 ||| READING scroll labelled KICOVI ONUNOIM.
   901 | D:1      | 901 ||| READING scroll labelled DEWISIA YSAURU.
   911 | D:1      | 911 ||| READING 3 scrolls labelled TALOEPPADUM.
   915 | D:1      | 915 ||| READING 3 scrolls labelled ZIHEOZI ZUIFA.
   916 | D:1      | 916 ||| READING 2 scrolls of enchant weapon.
   916 | D:1      | 916 ||| ENCHANTING +1 war axe of electrocution.
   917 | D:1      | 917 ||| READING scroll of enchant weapon.
   917 | D:1      | 917 ||| ENCHANTING +2 war axe of electrocution.
   918 | D:1      | 918 ||| READING scroll labelled RISET XIMEALEO.
   919 | D:1      | 919 ||| READING scroll labelled ODUIDISUSEG.
   920 | D:1      | 920 ||| READING scroll labelled BEZAOC HUHELL.
  1187 | D:2      | Reached skill level 3 in Axes
  1197 | D:2      | Reached XP level 3. HP: 23/23 MP: 3/3
  1726 | D:2      | 1726 ||| UPGRADING to +0 plate armour.
  1736 | D:2      | 1736 ||| DROPPING +0 chain mail.
  1737 | D:2      | 1737 ||| UPGRADING to amulet of the acrobat.
  1742 | D:2      | 1742 ||| READING scroll labelled TUSEMN QOPREOTS.
  1743 | D:2      | 1743 ||| DRINKING 2 metallic puce potions.
  1934 | D:3      | 1934 ||| Stepping ~*~*~tactically~*~*~ (stealth).
  2263 | D:3      | Found a broken altar of Ashenzari.
  2267 | D:3      | Reached XP level 4. HP: 28/28 MP: 4/4
  2385 | D:3      | Noticed Jessica
  2387 | D:3      | 2387 ||| Stepping ~*~*~tactically~*~*~ (hiding).
  2388 | D:3      | 2388 ||| Stepping ~*~*~tactically~*~*~ (hiding).
  2400 | D:3      | Killed Jessica
  2401 | D:3      | Reached skill level 4 in Axes
  2569 | D:3      | 2569 ||| Stepping ~*~*~tactically~*~*~ (hiding).
  2712 | D:3      | 2712 ||| DROPPING scarf of invisibility.
  2713 | D:3      | 2713 ||| READING scroll labelled ZIFIUNA TIXZOA.
  2714 | D:3      | 2714 ||| READING 2 scrolls of identify.
  2714 | D:3      | 2714 ||| IDENTIFYING fizzy emerald potion
  2814 | D:4      | Noticed a lemure
  2825 | D:4      | Killed a lemure
  2826 | D:4      | Noticed a lemure
  2827 | D:4      | Noticed Pikel
  2831 | D:4      | Noticed a lemure
  2832 | D:4      | 2832 ||| Stepping ~*~*~tactically~*~*~ (stealth).
  2833 | D:4      | 2833 ||| Stepping ~*~*~tactically~*~*~ (stealth).
  2834 | D:4      | Noticed a lemure
  2842 | D:4      | HP: 7/28 [Pikel/+0 whip of flaming (10)]
  2843 | D:4      | 2843 ||| READING 4 scrolls of teleportation.
  2843 | D:4      | Slain by Pikel

Levels and vault maps discovered:
D:1:      saegor_arrival_miasma, layout_basic, chequers_serial_rivers_small_3,
          minmay_tall_x
D:2:      layout_loops_cross, kennysheep_flooded_box, nicolae_hexahallways
D:3:      layout_loops_corners, mainiacjoe_overflow_catwalk, uniq_jessica
D:4:      layout_cave_pods, general_overflow_altar, kennysheep_little_box,
          uniq_pikel

Skill      XL: |  1  2  3  4 |
---------------+-------------+-----
Axes           | 2 3 4 |  4.2
Fighting       | |  3.2
Armour         | |  3.2
Shields        | |  3.2

Action                     |  1- 3 |  4- 6 || total
---------------------------+-------+-------++-------
  Melee: War axe           |   115 |    26 ||   141
    Use: Scroll            |    10 |     3 ||    13
         Potion            |     1 |       ||     1
 Armour: Scale mail        |    23 |       ||    23
         Chain mail        |    21 |       ||    21
         Plate armour      |    21 |     8 ||    29
  Dodge: Dodged            |    49 |     5 ||    54
  Block: Buckler           |    13 |     4 ||    17

Table legend:
 A = Non-vault XP
 B = Vault XP
 C = Vault XP percentage of total XP
 D = Non-vault monster count
 E = Vault monster count
 F = Vault count percentage of total count
                 A         B        C        D         E       F
            +---------+---------+-------+---------+---------+-------
      Total |      89 |      43 |  32.6 |      44 |       5 |  10.2
            +---------+---------+-------+---------+---------+-------
        D:1 |      14 |       6 |  30.0 |      10 |       4 |  28.6
        D:2 |      32 |       0 |   0.0 |      19 |       0 |   0.0
        D:3 |      41 |      37 |  47.4 |      14 |       1 |   6.7
        D:4 |       2 |       0 |   0.0 |       1 |       0 |   0.0
            +---------+---------+-------+---------+---------+-------
